cohdb
Replays
Latest Replays
All Replays
Popular Replays
Top Player Replays
Match Explorer
How It Works
Community
CoH3 Stats
Reddit
Sign in to upload your games and track your stats! →
Sign in with Steam
Match 41099955
Unlisted
Match 41099955
Overview
Messages
Build Orders
End
Royal Engineer Section
Construct Section Command Post
Selects Canadian Shock Battlegroup
Dingo Light Scout Car
Infantry Section
Infantry Section
Selects Attacking Spirit
Construct Platoon Command Post
Humber Armored Car
6-pounder Anti-tank Gun Team
Selects Canadian Shock Section
Canadian Shock Section
Infantry Training
Canadian Shock Section
6-pounder Anti-tank Gun Team
Selects Incendiary Munitions
Selects Pyrotechnics
Construct Company Command Post
Matilda II Heavy Tank
CMP 15cwt Truck
Selects Churchill Crocodile Heavy Tank
Churchill Crocodile Heavy Tank
Selects Smoke Operation
Crusader II Medium Tank
Monsieur Nathan
DangerouslyDumb
VonManteuffel
Heartless Jäger
0
0
Comments
sign in to comment!
No comments posted yet!